Map: Orbital Shipyard

Players

LilDicky

  • Race: Zerg Zerg
  • League: Diamond

NinjaBeaver - Winner!

  • Race: Protoss Protoss
  • League: Gold

VOD

http://www.twitch.tv/tumescentpie

Description

Time

  • Played on: Dec. 15, 2015, 9:04 p.m.
  • Length: 18:32
Show
View Real Time Build Order
Export as new Build Order

LilDicky Zerg 

Build Orders: Hatch First 

Get SALT Encoding   

  12  0:01  Drone  
  13  0:07  Drone  
  14  0:40  Hatchery, Drone  
  14  0:55  Drone, Extractor  
  14  0:56  Drone, Extractor  
  16  1:09  Spawning Pool  
  15  1:20  Extractor x2  
  15  1:21  Drone  
  15  1:30  Overlord  
  15  1:50  Drone x2  
  15  1:51  Drone  
  18  1:56  Queen x2  
  18  1:57  Drone  
  23  2:06  Drone x2  
  25  2:13  Drone  
  25  2:14  Drone, Extractor  
  26  2:29  Drone x2  
  28  2:39  Overlord  
  28  2:51  Queen, Extractor  
  27  2:52  Extractor  
  30  3:00  Lair  
  30  3:01  Metabolic Boost  
  30  3:07  Zergling x2  
  31  3:17  Extractor  
  31  3:18  Drone  
  31  3:19  Drone x5  
  36  3:20  Extractor  
  36  3:22  Overlord  
  35  3:56  Drone x6  
  35  3:57  Drone x3  
  35  3:58  Overlord  
  35  4:01  Overlord  
  43  4:30  Spire  
  42  4:58  Queen  
  37  5:30  Overlord x2  
  37  5:42  Mutalisk  
  37  5:43  Mutalisk x6  
  37  5:45  Overlord  
  37  5:49  Drone  
  52  5:50  Drone x12  
  52  5:56  Spore Crawler  
  63  5:59  Spore Crawler  
  63  6:01  Mutalisk  
  63  6:02  Mutalisk  
  66  6:22  Mutalisk  
  66  6:23  Mutalisk x3  
  72  6:43  Mutalisk x3  
  76  7:02  Overlord x2  
  76  7:27  Hatchery  
  76  7:28  Extractor  
  76  7:29  Spore Crawler  
  73  7:34  Extractor  
  72  7:43  Mutalisk  
  72  7:44  Mutalisk x6  
  86  8:04  Drone x5  
  91  8:10  Overlord  
  91  8:11  Overlord  
  81  8:29  Spore Crawler  
  81  8:32  Spore Crawler  
  79  8:35  Spore Crawler  
  79  8:36  Spore Crawler  
  79  8:37  Overlord x2, Spore Crawler  
  79  8:39  Drone  
  79  8:40  Drone x5  
  82  8:47  Drone x2  
  84  9:00  Drone  
  84  9:01  Mutalisk x2  
  84  9:02  Mutalisk x5  
  99  9:05  Drone x2  
  101  9:14  Zerg Flyer Weapons Level 1  
  101  9:23  Queen  
  103  9:45  Mutalisk  
  103  9:46  Mutalisk x7  
  119  10:03  Drone x3  
  119  10:05  Spore Crawler x3  
  119  10:06  Spore Crawler  
  118  10:15  Burrow  
  118  10:46  Infestation Pit  
  83  11:46  Infestor  
  83  11:47  Infestor x10  
  75  11:50  Drone x7  
  75  11:51  Drone x18  
  75  11:52  Drone x2  
  122  12:45  Hatchery  
  121  13:03  Mutalisk x4  
  129  13:06  Overlord x2  
  129  13:07  Overlord x3  
  125  14:04  Hive  
  125  14:09  Extractor  
  124  14:10  Extractor  
  124  14:11  Infestor x6  
  124  14:12  Spore Crawler, Infestor x3  
  124  14:13  Spore Crawler  
  124  14:14  Spore Crawler  
  124  14:15  Spore Crawler x2, Spine Crawler  
  124  14:16  Spore Crawler  
  116  14:17  Drone  
  116  14:18  Drone x16, Spine Crawler x2, Spore Crawler  
  116  14:23  Spore Crawler  
  129  14:25  Infestor  
  129  14:26  Spine Crawler  
  129  14:30  Infestor  
  129  14:31  Infestor  
  128  14:32  Infestor  
  128  14:33  Infestor  
  128  14:35  Corruptor  
  128  14:36  Corruptor x14  
  128  14:37  Infestor  
  140  15:16  Spore Crawler  
  140  15:18  Spore Crawler x2  
  140  15:19  Spore Crawler  
  136  15:25  Viper x6  
  136  15:26  Viper  
  157  15:29  Hatchery  
  157  15:33  Evolution Chamber  
  157  15:34  Evolution Chamber  
  154  15:36  Evolution Chamber  
  154  15:37  Evolution Chamber x2, Spine Crawler  
  154  15:38  Evolution Chamber x2  
  154  15:41  Spine Crawler  
  147  16:04  Extractor  
  147  16:07  Extractor  
  129  17:14  Viper  
  129  17:15  Viper x6  
  135  17:17  Zergling x2  
  135  17:18  Zergling x26  
  135  17:19  Zergling x36  
  135  17:22  Overlord x5  
Show
View Real Time Build Order
Export as new Build Order

NinjaBeaver Protoss - Winner!

Build Orders: Oracle Opening 

Get SALT Encoding   

  12  0:01  Probe (Chrono Boost)  
  13  0:12  Probe (Chrono Boost)  
  14  0:22  Pylon  
  14  0:23  Probe (Chrono Boost)  
  15  0:40  Probe (Chrono Boost)  
  16  0:48  Gateway  
  16  0:53  Pylon  
  16  0:56  Probe (Chrono Boost)  
  17  0:59  Assimilator  
  17  1:06  Probe (Chrono Boost)  
  18  1:17  Probe (Chrono Boost)  
  19  1:28  Probe (Chrono Boost)  
  20  1:35  Cybernetics Core  
  20  1:38  Probe (Chrono Boost)  
  21  1:41  Zealot  
  23  1:49  Probe (Chrono Boost)  
  24  2:04  Nexus  
  24  2:05  Probe (Chrono Boost)  
  25  2:12  Assimilator  
  25  2:16  Mothership Core (Chrono Boost)  
  27  2:33  Pylon, Warp Gate (Chrono Boost)  
  27  2:34  Probe  
  28  2:45  Probe  
  29  2:55  Probe  
  29  2:58  Stargate  
  30  3:06  Probe  
  31  3:15  Probe  
  31  3:16  Probe  
  33  3:24  Pylon  
  33  3:26  Probe, Pylon  
  33  3:29  Assimilator  
  33  3:33  Assimilator  
  34  3:35  Probe  
  34  3:37  Pylon  
  35  3:41  Pylon, Oracle (Chrono Boost)  
  35  3:42  Probe  
  39  3:51  Probe  
  39  3:54  Probe  
  41  4:03  Probe  
  41  4:04  Probe  
  43  4:13  Phoenix (Chrono Boost)  
  43  4:15  Probe x2  
  47  4:22  Stargate  
  47  4:27  Gateway  
  47  4:29  Probe x2  
  47  4:30  Gateway  
  49  4:39  Phoenix (Chrono Boost)  
  49  4:40  Probe  
  49  4:41  Probe  
  53  5:08  Probe  
  53  5:10  Phoenix (Chrono Boost)  
  53  5:13  Sentry  
  58  5:23  Probe  
  58  5:24  Probe  
  58  5:27  Phoenix (Chrono Boost)  
  64  5:36  Phoenix (Chrono Boost)  
  64  5:40  Probe  
  65  5:45  Fleet Beacon  
  65  5:50  Cybernetics Core  
  65  5:51  Pylon  
  65  5:54  Phoenix (Chrono Boost)  
  67  6:06  Probe  
  67  6:08  Probe  
  69  6:22  Probe  
  70  6:44  Probe, Graviton Catapult (Chrono Boost)  
  70  6:46  Phoenix (Chrono Boost)  
  71  6:53  Nexus  
  71  6:55  Forge, Pylon  
  71  6:56  Phoenix x2 (Chrono Boost)  
  71  6:58  Pylon  
  72  7:02  Pylon  
  72  7:08  Adept x3  
  78  7:17  Protoss Air Armor Level 1, Protoss Air Weapons Level 1  
  78  7:21  Phoenix (Chrono Boost), Carrier (Chrono Boost)  
  86  7:41  Assimilator  
  86  7:45  Assimilator  
  86  7:49  Photon Cannon  
  86  7:52  Protoss Shields Level 1, Photon Cannon  
  86  7:55  Carrier (Chrono Boost)  
  86  7:57  Photon Cannon  
  86  7:58  Anion Pulse-Crystals  
  92  7:59  Photon Cannon  
  92  8:03  Probe x2  
  90  8:30  Stargate  
  90  8:31  Probe  
  90  8:33  Probe x2  
  93  8:35  Phoenix (Chrono Boost)  
  95  8:47  Stargate  
  95  8:50  Pylon  
  95  8:54  Pylon  
  95  8:57  Photon Cannon  
  95  9:01  Photon Cannon  
  95  9:06  Phoenix (Chrono Boost)  
  97  9:14  Probe  
  97  9:16  Probe  
  99  9:17  Protoss Air Weapons Level 2, Protoss Air Armor Level 2  
  99  9:20  Zealot x3  
  105  9:25  Probe  
  110  9:31  Phoenix (Chrono Boost)  
  110  9:35  Phoenix (Chrono Boost)  
  110  9:38  Photon Cannon  
  110  9:42  Photon Cannon  
  110  9:43  Photon Cannon  
  110  9:45  Photon Cannon  
  110  9:46  Protoss Ground Armor Level 1  
  110  9:50  Pylon  
  110  9:53  Pylon  
  110  9:55  Phoenix x2 (Chrono Boost)  
  116  10:01  Phoenix (Chrono Boost)  
  116  10:02  Probe  
  117  10:07  Zealot  
  117  10:08  Zealot x2  
  123  10:18  Probe  
  124  10:31  Photon Cannon  
  124  10:33  Photon Cannon  
  136  10:36  Carrier (Chrono Boost)  
  136  10:37  Photon Cannon  
  136  10:40  Photon Cannon  
  136  10:47  Carrier (Chrono Boost)  
  136  10:48  Probe  
  136  10:50  Probe  
  124  11:26  Stalker x2  
  124  11:27  Stalker  
  115  11:49  Carrier (Chrono Boost)  
  115  11:50  Carrier (Chrono Boost)  
  133  12:02  Carrier (Chrono Boost)  
  133  12:16  Nexus  
  133  12:19  Pylon  
  133  12:20  Pylon  
  133  12:23  Pylon  
  133  12:32  Pylon  
  133  12:35  Pylon  
  133  12:37  Pylon, Assimilator  
  133  12:41  Phoenix (Chrono Boost), Assimilator  
  133  12:42  Protoss Air Weapons Level 3 (Chrono Boost)  
  135  12:54  Protoss Air Armor Level 3 (Chrono Boost)  
  135  12:57  Probe  
  136  13:02  Photon Cannon  
  136  13:04  Tempest  
  136  13:05  Carrier  
  146  13:24  Photon Cannon  
  146  13:25  Photon Cannon  
  146  13:27  Photon Cannon  
  146  13:29  Photon Cannon  
  146  13:44  Oracle  
  146  13:49  Oracle  
  152  14:00  Photon Cannon  
  152  14:02  Photon Cannon  
  152  14:05  Photon Cannon  
  152  14:06  Probe x2  
  154  14:25  Robotics Facility  
  154  14:27  Probe (Chrono Boost), Carrier (Chrono Boost)  
  162  14:38  Probe (Chrono Boost)  
  162  15:08  Carrier (Chrono Boost)  
  162  15:09  Carrier x2 (Chrono Boost)  
  180  15:28  Pylon  
  180  15:34  Observer (Chrono Boost)  
  181  15:39  Carrier  
  187  16:18  Stargate x2  
  187  16:26  Tempest  
  191  16:36  Nexus  
  191  16:37  Pylon  
  191  16:39  Pylon  
  191  16:41  Pylon  
  175  17:09  Tempest x2  
  183  17:24  Zealot x3  
  193  17:40  Photon Cannon  
  193  17:44  Photon Cannon  
  193  17:46  Photon Cannon  
  193  17:48  Photon Cannon  
  193  17:59  Twilight Council  
Tags
 
Add a new tag
Caveats
  • Supply blocks, unpowered buildings, or Contaminate may cause inaccurate times.
  • Supply counts are checked every 10 seconds.